 Dungeon Crawl Stone Soup version 0.20.1-1-g8b1a95d (webtiles) character file.

3628 letownia2 the Reanimator (level 9, -4/81 HPs)
             Began as a Deep Dwarf Necromancer on Dec 16, 2017.
             Was an Initiate of Gozag.
             Slain by a two-headed ogre
             ... wielding a +0 giant spiked club
              (11 damage)
             ... on level 8 of the Dungeon.
             The game lasted 00:20:04 (8090 turns).

letownia2 the Reanimator (Deep Dwarf Necromancer)   Turns: 8090, Time: 00:20:05

Health: -4/81      AC: 14    Str: 14    XL:     9   Next: 87%
Magic:  21/21      EV: 10    Int: 20    God:    Gozag
Gold:   1067       SH:  0    Dex:  8    Spells: 20/24 levels left

rFire    + + .     SeeInvis .   N - +0 dagger (elec)
rCold    . . .     Gourm    .   (no shield)
rNeg     . . .     Faith    .   n - +0 ring mail
rPois    .         Spirit   .   u - +0 helmet
rElec    .         Reflect  .   (no cloak)
rCorr    +         Harm     .   L - +1 pair of gloves
MR       +....                  Q - +1 pair of boots of Dishonour {+Fly rF++ rCorr Dex-5}
Stlth    +.........             (no amulet)
Regen    0.0/turn               A - +3 ring of intelligence
MPRegen  0.2/turn               P - +4 ring of protection

@: non-regenerating, heavily drained
A: damage resistance, heal wounds, sense surroundings 2, no regeneration
a: Heal Wounds, Potion Petition, Call Merchant, Bribe Branch, Renounce Religion,
Evoke Flight


You were on level 8 of the Dungeon.
You worshipped Gozag.
Gozag was most pleased with you.
You were hungry.

You visited 2 branches of the dungeon, and saw 9 of its levels.

You collected 1169 gold pieces.
You paid 102 gold pieces to Gozag.

Inventory:

Hand Weapons
 a - a +2 dagger of speed
 p - a +1 dagger
 D - a +0 hand crossbow
 N - a +0 dagger of electrocution (weapon)
 T - a +0 morningstar of draining
Missiles
 x - 92 bolts
Armour
 e - a +0 scale mail
 n - a +0 ring mail (worn)
 u - a +0 helmet (worn)
 I - a cursed +0 leather armour
 L - a +1 pair of gloves (worn)
 Q - the +1 pair of boots of Dishonour (worn) {+Fly rF++ rCorr Dex-5}
   (You found it on level 7 of the Dungeon)

   It affects your dexterity (-5).
   It greatly protects you from fire.
   It lets you fly.
   It protects you from acid and corrosion.
Magical Staves
 O - an uncursed staff of summoning {unknown}
Jewellery
 j - an uncursed ring of protection from cold
 A - a +3 ring of intelligence (left hand)
 P - a +4 ring of protection (right hand)
 R - an uncursed ring of see invisible
Wands
 q - a wand of paralysis (11/24)
 s - a wand of lightning (8/15)
 y - a wand of lightning (10/15)
 F - a wand of flame (34/48)
Scrolls
 h - 4 scrolls of enchant weapon
 l - 7 scrolls of recharging
 m - 4 scrolls of remove curse
 r - a scroll of noise {unknown}
 E - 10 scrolls of identify
 G - 3 scrolls of fog {unknown}
 K - 2 scrolls of teleportation {unknown}
 M - a scroll of amnesia {unknown}
 S - a scroll of enchant armour {unknown}
Potions
 d - 5 potions of curing {unknown}
 f - 3 potions of brilliance {unknown}
 k - 5 potions of haste {unknown}
 o - a potion of heal wounds {unknown}
 t - 2 potions of berserk rage {unknown}
 v - 2 potions of agility
 w - 2 potions of flight {unknown}
 z - a potion of might {unknown}
 B - a potion of ambrosia {unknown}
 C - a potion of resistance {unknown}
 H - a potion of degeneration {unknown}
Books
 b - a book of Necromancy

   Spells                             Type                      Level
   a - Pain                           Necromancy                   1
   b - Animate Skeleton               Necromancy                   1
   c - Vampiric Draining              Necromancy                   3
   d - Regeneration                   Charms/Necromancy            3
   e - Animate Dead                   Necromancy                   4
   f - Control Undead                 Necromancy                   4
Comestibles
 c - 5 bread rations
 g - 2 meat rations
 i - 3 fruits


   Skills:
 + Level 5.1(3.6) Fighting
 - Level 2.1(0.7) Dodging
 - Level 2.4(1.0) Stealth
 + Level 8.3(6.6) Spellcasting
 - Level 8.7(7.0) Necromancy
 - Level 6.7(5.1) Evocations


You had 20 spell levels left.
You knew the following spells:

 Your Spells              Type           Power        Failure   Level  Hunger
a - Pain                  Necr           ####         1%          1    None
v - Vampiric Draining     Necr           ####......   3%          3    #......


Dungeon Overview and Level Annotations

Branches:
Dungeon (8/15)             Temple (1/1) D:6            Lair (0/6) D:8

Altars:
Ashenzari
Cheibriados
Dithmenos
Elyvilon
Fedhas
Gozag
Hepliaklqana
Kikubaaqudgha
Makhleb
Nemelex Xobeh
Okawaru
Qazlal
Ru
Sif Muna
Trog
Uskayaw
Vehumet
Xom
Yredelemnul
Zin
The Shining One

Annotations:
D:3 2 transporters
D:4 letownia2's ghost, amateur DDNe
D:5 Edmund


Innate Abilities, Weirdness & Mutations

You are resistant to damage.
You can heal yourself by infusing magical energy.
You passively map the area around you.
You do not regenerate.


Message History

Aiming: Paralyse
Press: ? - help, Shift-Dir - straight line, f/p - two-headed ogre
Aim: a two-headed ogre, wielding a giant spiked club and a dire flail (chance to defeat MR: 44%)
The two-headed ogre resists with some effort.
This wand has 12 charges left.
The two-headed ogre closely misses you.
The two-headed ogre hits you with a dire flail!
* * * LOW HITPOINT WARNING * * *
The wight closely misses you.
Unknown command.
Unknown command.
Unknown command.
Evoke which item? (* to show all) (? for menu, Esc to quit)
Aiming: Paralyse
Press: ? - help, Shift-Dir - straight line, f/p - two-headed ogre
Aim: a two-headed ogre, wielding a giant spiked club and a dire flail (chance to defeat MR: 44%)
The two-headed ogre resists with some effort.
This wand has 11 charges left.
The two-headed ogre hits you with a giant spiked club!
You die...
Your body crumbles into a pile of gold.

#.# #.## #)#
#########.## #)#
#......##.## #.#
##.####.##...
#.####....##.#####
#......#..........
#.........##.#####
#z#####.####.# #@#
#.......# #O#
#.####### ##.##
#.# ##...###.#
#P....##.#
#PP.....#.#
#PPP....#.#
#PPPPP....#
#PPPP..P..#


You could see a two-headed ogre and a wight.

Vanquished Creatures
  A two-headed ogre (D:8)
  Prince Ribbit (D:6)
  A water moccasin (D:7)
  Duvessa (D:6)
  A sky beast (D:5)
  A phantom (D:7)
  An ice beast (D:8)
  3 orc warriors
  An ogre (D:6)
  A centaur (D:6)
  4 bullfrogs
  A water moccasin zombie (D:8)
  Dowan (D:6)
  A scorpion (D:8)
  7 wights
  A howler monkey (D:7)
  2 crimson imps
  A centaur zombie (D:5)
  3 orc priests
  3 hounds
  11 orc wizards
  A centaur skeleton (D:5)
  3 iguanas
  Natasha (twice) (D:3)
  6 worker ants
  A howler monkey zombie (D:5)
  6 gnolls
  9 adders
  2 worms
  2 dart slugs
  2 leopard geckos
  27 orcs
  8 bats
  A giant cockroach (D:2)
  4 goblins
  7 hobgoblins
  12 jackals
  2 quokkas
  4 frilled lizards
  8 kobolds
  A leopard gecko zombie (D:5)
  3 rats
158 creatures vanquished.

Vanquished Creatures (others)
  A plant (D:8)
1 creature vanquished.

Grand Total: 159 creatures vanquished

Notes
Turn   | Place    | Note
-------+----------+-------------------------------------------
     0 | D:1      | letownia2 the Deep Dwarf Necromancer began the quest for the Orb.
     0 | D:1      | Reached XP level 1. HP: 15/15 MP: 3/3
   242 | D:2      | Reached XP level 2. HP: 16/22 MP: 0/4
   435 | D:2      | Reached skill level 5 in Necromancy
   678 | D:3      | Noticed Natasha
   872 | D:3      | Reached XP level 3. HP: 9/28 MP: 2/6
   881 | D:3      | Learned a level 3 spell: Vampiric Draining
   957 | D:3      | Found a transporter.
   969 | D:3      | Found a transporter.
  1359 | D:4      | Reached XP level 4. HP: 25/36 MP: 0/7
  1779 | D:4      | Reached skill level 1 in Evocations
  1919 | D:4      | Reached XP level 5. HP: 38/42 MP: 0/8
  1943 | D:4      | Noticed letownia2's ghost (amateur DDNe)
  2489 | D:5      | Entered Level 5 of the Dungeon
  2507 | D:5      | Noticed an ogre
  2633 | D:5      | Noticed Edmund
  2794 | D:5      | Reached XP level 6. HP: 31/49 MP: 0/10
  3276 | D:5      | Noticed a sky beast
  3308 | D:5      | Killed a sky beast
  3308 | D:5      | Reached skill level 1 in Fighting
  3564 | D:6      | Found a staircase to the Ecumenical Temple.
  3580 | Temple   | Entered the Ecumenical Temple
  3629 | Temple   | Became a worshipper of Gozag Ym Sagoz the Greedy
  3717 | D:6      | Noticed Duvessa
  3888 | D:5      | Reached XP level 7. HP: 42/57 MP: 5/12
  4160 | D:3      | Killed Natasha
  4485 | D:3      | Noticed Natasha
  4493 | D:3      | Killed Natasha
  5820 | D:6      | Noticed Prince Ribbit
  5952 | D:6      | Killed Prince Ribbit
  6011 | D:6      | Reached XP level 8. HP: 6/64 MP: 0/15
  6287 | D:6      | Reached skill level 5 in Spellcasting
  6639 | D:6      | Noticed Dowan
  6654 | D:6      | Killed Duvessa
  6657 | D:6      | Killed Dowan
  6673 | D:5      | Reached skill level 5 in Evocations
  7112 | D:7      | Gained mutation: You passively map the area around you. [Deep Dwarf growth]
  7112 | D:7      | Reached XP level 9. HP: 60/70 MP: 18/18
  7414 | D:7      | Got a pair of crude boots
  7420 | D:7      | Identified the +1 pair of boots of Dishonour {+Fly rF++ rCorr Dex-5} (You found it on level 7 of the Dungeon)
  7765 | D:8      | Noticed a two-headed ogre
  7777 | D:8      | Killed a two-headed ogre
  7958 | D:8      | Reached skill level 5 in Fighting
  8076 | D:8      | Noticed a two-headed ogre
  8077 | D:8      | Found a staircase to the Lair.
  8077 | D:8      | Noticed a komodo dragon
  8090 | D:8      | Slain by a two-headed ogre

Skill      XL: |  1  2  3  4  5  6  7  8  9 |
---------------+----------------------------+-----
Spellcasting   | 2 3 4 6 8 |  8.3
Necromancy     | 5 6 7 8 |  8.7
Evocations     | 1 3 6 |  6.7
Fighting       | 1 5 |  5.1
Dodging        | |  2.1
Stealth        | |  2.4

Action                   |  1- 3 |  4- 6 |  7- 9 || total
-------------------------+-------+-------+-------++-------
Melee: Unarmed           |    21 |       |       ||    21
       Dagger            |       |    75 |   257 ||   332
Throw: Javelin           |     1 |     8 |     7 ||    16
 Cast: Pain              |    36 |    64 |    86 ||   186
       Vampiric Draining |     5 |    20 |    71 ||    96
Evoke: Wand              |       |       |    13 ||    13
  Use: Scroll            |     2 |     3 |       ||     5
 Stab: Paralysed         |       |       |    11 ||    11
  Eat: Chunk             |     3 |    10 |       ||    13
       Royal jelly       |       |       |     3 ||     3
       Meat ration       |       |       |     2 ||     2
Armor: Ring mail         |     9 |    31 |   131 ||   171
       Leather armour    |     5 |       |       ||     5
Dodge: Dodged            |    26 |    74 |   143 ||   243
